 Dungeon Crawl Stone Soup version 0.31-b1-22-gc680215f68 (webtiles) character file.

Game seed: 14556975007250087606

203 GordonOverkill the Sneak (level 5, -4/27 HPs)
             Began as a Spriggan Delver on Jan 18, 2024.
             Was an Initiate of Vehumet.
             Slain by an ogre
             ... wielding a +0 giant club
              (31 damage)
             ... on level 3 of the Dungeon.
             The game lasted 00:05:58 (624 turns).

GordonOverkill the Sneak (Spriggan Delver)           Turns: 624, Time: 00:05:58

Health: -4/27      AC:  2    Str:  8    XL:     5   Next: 51%
Magic:  6/6        EV: 17    Int: 14    God:    Vehumet [......]
Gold:   47         SH:  0    Dex: 19    Spells: 4/4 levels left

rFire   . . .        i - +8 hand axe of Ythroex {venom, rC+ Dex+3}
rCold   + . .        (no shield)
rNeg    . . .        b - +0 robe
rPois   .            (helmet restricted)
rElec   .            (no cloak)
rCorr   .            (gloves unavailable)
SInv    +            (boots unavailable)
Will    .....        (no amulet)
Stlth   ++++         (no ring)
HPRegen 0.24/turn    (no ring)
MPRegen 0.10/turn

%: no passive effects
@: very quick
A: very small, no large weapons, unfitting armour, see invisible, speed 3
a: Renounce Religion


You were on level 3 of the Dungeon.
You worshipped Vehumet.
Vehumet was noncommittal.
You visited 2 branches of the dungeon, and saw 5 of its levels.

You collected 47 gold pieces.

Inventory:

Hand Weapons
 a - a +0 short sword
 i - the +8 hand axe of Ythroex (weapon) {venom, rC+ Dex+3}
   (You found it on level 5 of the Dungeon)

   Dex+3:     It affects your dexterity (+3).
   rC+:       It protects you from cold.
Armour
 b - a +0 robe (worn)
Wands
 g - a wand of digging (3)
 h - a wand of paralysis (3)
 j - a wand of flame (12)
 m - a wand of quicksilver (7)
Scrolls
 c - a scroll of fog
 d - a scroll of revelation
 e - 2 scrolls of fear
 k - 3 scrolls of teleportation {unknown}
Potions
 f - a potion of haste
 l - a potion of brilliance {unknown}
 n - 2 potions of resistance {unknown}


   Skills:
 - Level 2.4 Fighting
 - Level 2.1 Short Blades
 + Level 3.6 Axes
 - Level 2.6 Dodging
 - Level 7.2 Stealth
 - Level 3.7 Evocations


You had 4 spell levels left.
You didn't know any spells.
Your spell library contained the following spells:

 Spells                   Type           Power      Damage    Failure   Level
 Apportation              Tloc           0%         N/A       28%         1
 Necrotise                Necr           0%         1d4       28%         1
 Sting                    Conj/Alch      0%         1d3       28%         1
 Summon Small Mammal      Summ           0%         N/A       28%         1


Dungeon Overview and Level Annotations

Branches:
Dungeon (6/15)             Temple (1/1) D:4

Altars:
Ashenzari
Dithmenos
Fedhas
Hepliaklqana
Nemelex Xobeh
Okawaru
Qazlal
Ru
Sif Muna
Trog
Uskayaw
Vehumet
Wu Jian
Xom
Yredelemnul
Zin

Annotations:
D:4 Menkaure, Pargi
D:6 exclusion: hound


Innate Abilities, Weirdness & Mutations

You are very small and have problems with some larger weapons.
You are too small for most types of armour.
You have supernaturally acute eyesight. (SInv)
You cover ground extremely quickly. (Speed+++)


Message History

Press: ? - help, Shift-Dir - straight line, f/p - adder
Aim: an adder (almost dead, 53% to hit)
The puff of flame misses the adder.
Aiming: Throw Flame
Press: ? - help, Shift-Dir - straight line, f/p - adder
Aim: an adder (almost dead, 53% to hit)
The puff of flame hits the adder!
You kill the adder!
Vehumet accepts your kill.
You start resting.
HP restored.
Found a stone staircase leading up.
There is a stone staircase leading up here.
Found a stone staircase leading down.
The helpless goblin fails to defend itself.
You slice the goblin!!
You kill the goblin!
Vehumet accepts your kill.
There is a stone staircase leading up here.
You climb upwards.
Found 2 puce potions.
There is a stone staircase leading down here.
n - 2 puce potions
Found 13 gold pieces.
You now have 47 gold pieces (gained 13).
Found a ring mail.
An ogre comes into view. It is wielding a +0 giant club.
The ogre misses you.
Aiming: Paralyse
Press: ? - help, Shift-Dir - straight line, f - ogre
Aim: an ogre, wielding a +0 giant club (chance to affect: 59%)
The ogre resists with significant effort.
Aiming: Paralyse
Press: ? - help, Shift-Dir - straight line, f/p - ogre
Aim: an ogre, wielding a +0 giant club (chance to affect: 59%)
The ogre resists with significant effort.
The ogre attacks as it pursues you!
The ogre hits you with a +0 giant club!!
Ouch! That really hurt!
You die...

## .[ #. .# #. .# #.
##.# ###. #.. ##.#.##
#.#
###.....####.###########
..............@O.......+
##...#.#########...####
## #.# ##..# #######.#
#...# #.......# #.#.#
#.#####.# #...# #.# #.#
##.## #.#####.# .#
#.#.....# .#


You could see an ogre.

Vanquished Creatures
  An ogre (D:4)
  A hound (D:6)
  Ijyb (D:4)
  An iguana (D:5)
  An adder (D:4)
  An ufetubus (D:5)
  3 orcs (D:4)
  An endoplasm (D:4)
  A goblin (D:4)
  A hobgoblin (Temple)
  4 jackals (D:4)
  A ball python (D:4)
  A kobold (D:4)
18 creatures vanquished.

Notes
Turn   | Place    | Note
-------+----------+-------------------------------------------
     0 | D:5      | GordonOverkill the Spriggan Delver began the quest for the
                  | Orb.
     0 | D:5      | Reached XP level 1. HP: 11/11 MP: 2/2
     8 | D:6      | Noticed a hound
    27 | D:6      | Noticed a hound
    41 | D:6      | Killed a hound
    42 | D:6      | Reached XP level 2. HP: 16/16 MP: 3/3
    42 | D:6      | Reached XP level 3. HP: 19/19 MP: 4/4
    49 | D:6      | Noticed an ice beast
    64 | D:5      | Identified the +8 hand axe of Ythroex {venom, rC+ Dex+3}
   171 | D:5      | Reached skill level 1 in Axes
   280 | D:4      | Noticed Menkaure
   303 | D:4      | Found a staircase to the Ecumenical Temple.
   313 | Temple   | Entered the Ecumenical Temple
   331 | Temple   | Became a worshipper of Vehumet
   345 | D:4      | Noticed Pargi
   354 | D:4      | Noticed an ogre
   366 | D:4      | Noticed an ogre
   382 | D:4      | Reached XP level 4. HP: 23/23 MP: 5/5
   408 | D:4      | Killed an ogre
   409 | D:4      | Reached XP level 5. HP: 27/27 MP: 6/6
   412 | D:4      | Noticed a phantom
   433 | D:4      | Noticed Ijyb
   445 | D:4      | Killed Ijyb
   614 | D:3      | Noticed an ogre
   624 | D:3      | Slain by an ogre

Illustrated notes

Levels and vault maps discovered:
D:3:      kennysheep_six_static_rooms, layout_loops_corners,
          grunt_decor_fettered
D:4:      layout_cave_pools, minmay_temple_entry_ruins, nicolae_tricolors,
          uniq_menkaure, uniq_ijyb, uniq_pargi
D:5:      layout_basic
D:6:      layout_basic, gup_sewer_entry_bowl, kennysheep_small_square,
          uniq_prince_ribbit1
Temple:   regret_index_temple_sphere_string

Skill      XL: |  1  2  3  4 |
---------------+-------------+-----
Evocations     | 3 |  3.7
Axes           | 1 3 |  3.6
Fighting       | |  2.4
Short Blades   | |  2.1
Dodging        | |  2.6
Stealth        | |  7.2

Action                     |  1- 3 |  4- 6 || total
---------------------------+-------+-------++-------
  Melee: Short sword       |     1 |       ||     1
         Hand axe          |    10 |    16 ||    26
  Evoke: Wand              |       |    12 ||    12
   Stab: Sleeping          |     1 |     1 ||     2
         Distracted        |     1 |       ||     1
         Paralysed         |       |     5 ||     5
 Armour: Robe              |     6 |     8 ||    14
  Dodge: Dodged            |    14 |     9 ||    23
